[ AOE2 MATCH · #505886801 ]
UnrankedSaracens vs Armenians
Player's team · LOSS
[ REPLAY ANALYSIS · EXTRACTED FROM THE RECORDED GAME ]
Feudal
11:29
Castle
15:21
Imperial
36:46
| APM avg | 66.5 |
| APM peak | 113 |
| eAPM avg | 37.7 |
| Villagers / military | 168 / 85 |
Focus
⚔️ 38.0% · 🌾 62.0%
Skirmisher ×38 · Hand Cannoneer ×16 · Scout Cavalry ×15 · Monk ×5 · Mangonel ×5 · Trebuchet (Packed) ×4
Feudal
8:26
Castle
22:57
Imperial
32:53
| APM avg | 39.6 |
| APM peak | 88 |
| eAPM avg | 21.2 |
| Villagers / military | 123 / 127 |
Focus
⚔️ 35.3% · 🌾 64.7%
Archer ×70 · Militia ×45 · Trebuchet (Packed) ×10 · Mangonel ×1 · Warrior Priest ×1
Match map
Initial resources + every placement click. Lines = walls · curves = elevation contours. ◆ gold · ⬟ stone · ● berries · ✦ relic · ◌ wall gap
Your base· ✓ Closed at 15:21 · 4t walls · 2 gate(s)
NOC | Target331's base· ✓ Closed at 22:57 · 4t walls · 2 gate(s)
Smoothed initial terrain · ◌ = detected wall gap · hover for details
Inputs per minute
— DS_Ciskhan - - NOC | Target331
Build order — DS_Ciskhan
First 150 of 420 actions detected
| 0:00 | Create | Villager (Male) |
| 0:01 | Build | House |
| 0:02 | Build | House |
| 0:05 | Create | Villager (Male) |
| 0:05 | Create | Villager (Male) |
| 0:05 | Create | Villager (Male) |
| 1:38 | Create | Villager (Male) |
| 1:38 | Create | Villager (Male) |
| 1:44 | Build | Lumber Camp |
| 2:14 | Create | Villager (Male) |
| 2:29 | Create | Villager (Male) |
| 2:46 | Create | Villager (Male) |
| 3:18 | Create | Villager (Male) |
| 3:19 | Create | Villager (Male) |
| 3:25 | Build | House |
| 3:26 | Build | House |
| 3:53 | Create | Villager (Male) |
| 4:22 | Build | Mill |
| 4:30 | Create | Villager (Male) |
| 4:49 | Create | Villager (Male) |
| 5:11 | Build | Farm |
| 5:18 | Create | Villager (Male) |
| 5:29 | Create | Villager (Male) |
| 5:53 | Create | Villager (Male) |
| 5:59 | Build | Farm |
| 6:08 | Create | Villager (Male) |
| 6:09 | Create | Villager (Male) |
| 6:17 | Build | Farm |
| 6:55 | Create | Villager (Male) |
| 6:55 | Create | Villager (Male) |
| 7:21 | Build | Mining Camp |
| 7:55 | Create | Villager (Male) |
| 8:02 | Create | Villager (Male) |
| 8:16 | Build | Lumber Camp |
| 8:26 | Research | Feudal Age |
| 8:35 | Research | Loom |
| 8:41 | Create | Villager (Male) |
| 9:00 | Research | Feudal Age |
| 10:16 | Build | Barracks |
| 11:03 | Create | Villager (Male) |
| 11:29 | Age | Feudal Age |
| 11:29 | Build | House |
| 11:36 | Build | Market |
| 11:40 | Build | Stable |
| 11:44 | Create | Villager (Male) |
| 11:44 | Create | Villager (Male) |
| 12:35 | Research | Castle Age |
| 12:57 | Create | Scout Cavalry |
| 13:04 | Build | Farm |
| 13:09 | Research | Double-Bit Axe |
| 13:14 | Research | Horse Collar |
| 13:14 | Research | Horse Collar |
| 13:23 | Create | Scout Cavalry |
| 13:42 | Create | Scout Cavalry |
| 14:02 | Build | House |
| 14:03 | Build | Palisade Wall |
| 14:05 | Build | House |
| 14:06 | Build | Palisade Wall |
| 14:11 | Build | House |
| 14:12 | Build | House |
| 14:21 | Create | Scout Cavalry |
| 14:44 | Build | House |
| 14:45 | Build | House |
| 14:55 | Create | Scout Cavalry |
| 14:55 | Create | Scout Cavalry |
| 14:57 | Create | Villager (Male) |
| 15:14 | Create | Villager (Male) |
| 15:21 | Age | Castle Age |
| 15:40 | Build | Blacksmith |
| 15:44 | Research | Light Cavalry (upgrade) |
| 15:45 | Build | House |
| 15:49 | Create | Villager (Male) |
| 16:01 | Build | House |
| 16:03 | Build | Palisade Wall |
| 16:08 | Build | Siege Workshop |
| 16:14 | Create | Villager (Male) |
| 16:19 | Create | Villager (Male) |
| 16:36 | Create | Villager (Male) |
| 17:01 | Create | Mangonel |
| 17:01 | Create | Mangonel |
| 17:03 | Build | Farm |
| 17:11 | Create | Scout Cavalry |
| 17:15 | Build | Farm |
| 17:17 | Create | Villager (Male) |
| 17:38 | Create | Villager (Male) |
| 17:53 | Build | Farm |
| 17:55 | Build | Farm |
| 18:07 | Create | Mangonel |
| 18:11 | Create | Villager (Male) |
| 18:28 | Build | House |
| 18:35 | Create | Villager (Male) |
| 18:38 | Build | Farm |
| 18:41 | Build | Farm |
| 18:56 | Build | House |
| 18:57 | Create | Villager (Male) |
| 19:20 | Create | Villager (Male) |
| 20:07 | Create | Villager (Male) |
| 20:08 | Create | Villager (Male) |
| 20:27 | Build | Lumber Camp |
| 20:33 | Create | Villager (Male) |
| 20:37 | Create | Villager (Male) |
| 20:56 | Create | Scout Cavalry |
| 20:57 | Create | Villager (Male) |
| 21:06 | Create | Villager (Male) |
| 21:11 | Build | Monastery |
| 21:45 | Create | Villager (Male) |
| 21:46 | Create | Mangonel |
| 21:51 | Create | Monk |
| 22:01 | Build | Lumber Camp |
| 22:02 | Create | Villager (Male) |
| 22:05 | Create | Villager (Male) |
| 22:22 | Build | House |
| 22:22 | Build | House |
| 22:22 | Build | House |
| 22:24 | Create | Monk |
| 22:26 | Create | Villager (Male) |
| 22:26 | Create | Villager (Male) |
| 22:36 | Build | Farm |
| 22:38 | Build | Farm |
| 22:48 | Build | House |
| 22:56 | Build | Market |
| 23:00 | Create | Villager (Male) |
| 23:01 | Create | Villager (Male) |
| 23:01 | Create | Villager (Male) |
| 23:23 | Create | Monk |
| 23:44 | Create | Villager (Male) |
| 23:50 | Create | Villager (Male) |
| 24:20 | Research | Wheelbarrow |
| 24:25 | Build | Farm |
| 24:48 | Create | Villager (Male) |
| 24:52 | Create | Villager (Male) |
| 25:09 | Create | Monk |
| 25:28 | Create | Villager (Male) |
| 25:31 | Create | Scout Cavalry ×3 |
| 25:52 | Create | Villager (Male) |
| 25:52 | Create | Villager (Male) |
| 26:01 | Create | Scout Cavalry |
| 26:01 | Create | Scout Cavalry |
| 26:05 | Create | Villager (Male) |
| 26:06 | Create | Villager (Male) |
| 26:10 | Build | Town Center |
| 26:28 | Build | Gate |
| 26:33 | Research | Bow Saw |
| 26:36 | Create | Villager (Male) |
| 26:36 | Create | Villager (Male) |
| 26:39 | Build | House |
| 26:41 | Create | Villager (Male) |
| 27:01 | Create | Villager (Male) |
| 27:06 | Build | Town Center |
| 27:11 | Build | Farm |
Build order — NOC | Target331
First 150 of 326 actions detected
| 0:00 | Create | Villager (Male) |
| 0:01 | Create | Villager (Male) |
| 0:02 | Build | House |
| 0:03 | Build | House |
| 0:16 | Create | Villager (Male) |
| 0:17 | Create | Villager (Male) |
| 1:29 | Create | Villager (Male) |
| 1:51 | Build | Mule Cart |
| 1:51 | Create | Villager (Male) |
| 2:12 | Create | Villager (Male) |
| 2:30 | Create | Villager (Male) |
| 3:11 | Create | Villager (Male) |
| 3:15 | Build | House |
| 3:27 | Create | Villager (Male) |
| 3:28 | Create | Villager (Male) |
| 3:48 | Build | Mill |
| 4:04 | Create | Villager (Male) |
| 4:30 | Create | Villager (Male) |
| 5:11 | Create | Villager (Male) |
| 5:27 | Create | Villager (Male) |
| 6:15 | Research | Feudal Age |
| 6:43 | Build | House |
| 6:49 | Create | Villager (Male) |
| 7:09 | Build | Barracks |
| 8:26 | Age | Feudal Age |
| 8:28 | Build | Watch Tower |
| 8:33 | Create | Villager (Male) |
| 8:38 | Create | Villager (Male) |
| 8:46 | Build | Archery Range |
| 8:57 | Create | Villager (Male) |
| 9:10 | Build | House |
| 9:18 | Create | Villager (Male) |
| 9:30 | Create | Villager (Male) |
| 9:44 | Create | Archer |
| 9:45 | Create | Archer |
| 9:52 | Create | Villager (Male) |
| 10:03 | Build | Palisade Wall |
| 10:04 | Build | Palisade Wall |
| 10:05 | Build | Palisade Wall |
| 10:15 | Build | Palisade Wall |
| 10:23 | Build | Mule Cart |
| 10:26 | Create | Villager (Male) |
| 10:28 | Research | Double-Bit Axe |
| 10:32 | Build | House |
| 10:51 | Create | Villager (Male) |
| 11:01 | Create | Villager (Male) |
| 11:28 | Create | Archer |
| 11:29 | Create | Villager (Male) |
| 11:30 | Create | Villager (Male) |
| 11:41 | Research | Horse Collar |
| 11:44 | Create | Villager (Male) |
| 11:57 | Create | Archer |
| 12:03 | Build | Blacksmith |
| 12:09 | Create | Villager (Male) |
| 12:29 | Create | Archer |
| 12:30 | Create | Villager (Male) |
| 12:56 | Research | Fletching |
| 12:58 | Create | Villager (Male) |
| 13:02 | Build | Mule Cart |
| 13:05 | Build | House |
| 13:10 | Create | Archer |
| 13:30 | Build | House |
| 13:33 | Build | House |
| 13:33 | Build | House |
| 13:38 | Create | Archer |
| 13:57 | Build | Farm |
| 13:59 | Build | Farm |
| 14:00 | Build | Farm |
| 14:17 | Research | Loom |
| 14:28 | Create | Archer |
| 14:39 | Create | Villager (Male) |
| 14:41 | Create | Archer |
| 14:46 | Build | Watch Tower |
| 15:13 | Create | Archer |
| 15:17 | Research | Wheelbarrow |
| 15:21 | Build | Farm |
| 15:22 | Build | Farm |
| 15:25 | Build | Farm |
| 15:26 | Build | Farm |
| 15:28 | Create | Villager (Male) |
| 15:41 | Create | Archer |
| 16:22 | Create | Villager (Male) |
| 16:29 | Build | Farm |
| 16:30 | Build | Farm |
| 16:33 | Build | Market |
| 16:44 | Create | Archer |
| 16:50 | Build | Watch Tower |
| 16:57 | Create | Archer |
| 16:58 | Create | Villager (Male) |
| 17:08 | Build | Farm |
| 17:12 | Create | Villager (Male) |
| 17:17 | Build | House |
| 17:53 | Build | Watch Tower |
| 17:54 | Create | Archer |
| 17:56 | Create | Villager (Male) |
| 17:59 | Create | Villager (Male) |
| 18:02 | Build | Farm |
| 18:09 | Build | Farm |
| 18:11 | Create | Villager (Male) |
| 18:31 | Create | Archer |
| 18:32 | Create | Villager (Male) |
| 18:58 | Create | Archer |
| 19:15 | Create | Villager (Male) |
| 20:12 | Research | Castle Age |
| 20:23 | Create | Archer |
| 20:42 | Build | Watch Tower |
| 20:48 | Create | Archer |
| 21:11 | Create | Villager (Male) |
| 22:02 | Build | Watch Tower |
| 22:05 | Create | Archer |
| 22:09 | Build | Farm |
| 22:09 | Build | Farm |
| 22:12 | Create | Villager (Male) |
| 22:24 | Research | Gold Mining |
| 22:57 | Age | Castle Age |
| 23:00 | Build | Monastery |
| 23:06 | Build | Town Center |
| 23:16 | Research | Bodkin Arrow |
| 23:18 | Research | Crossbowman (upgrade) |
| 23:19 | Create | Villager (Male) |
| 24:00 | Create | Villager (Male) |
| 24:08 | Create | Villager (Male) |
| 24:09 | Create | Warrior Priest |
| 24:14 | Create | Villager (Male) |
| 24:29 | Create | Archer |
| 24:30 | Create | Archer |
| 24:33 | Create | Villager (Male) |
| 24:39 | Build | Town Center |
| 24:43 | Research | Bow Saw |
| 24:45 | Create | Villager (Male) |
| 24:46 | Create | Villager (Male) |
| 24:47 | Create | Villager (Male) |
| 24:55 | Create | Archer |
| 25:20 | Create | Villager (Male) |
| 25:36 | Create | Archer |
| 25:46 | Create | Villager (Male) |
| 25:47 | Create | Villager (Male) |
| 25:48 | Create | Villager (Male) |
| 25:50 | Build | Farm |
| 25:50 | Build | Farm |
| 25:51 | Build | Farm |
| 25:54 | Build | Farm |
| 25:57 | Build | Farm |
| 25:59 | Build | Farm |
| 26:12 | Research | Hand Cart |
| 26:21 | Create | Archer |
| 26:21 | Create | Archer |
| 26:35 | Create | Villager (Male) |
| 26:37 | Create | Villager (Male) |
| 26:57 | Create | Archer |
Match timeline
| 7:09 | NOC | Target331 · first_building Barracks |
| 8:26 | NOC | Target331 · age_up feudal |
| 8:46 | NOC | Target331 · first_building Archery Range |
| 10:03 | NOC | Target331 · wall_segment Palisade Wall x1 |
| 10:04 | NOC | Target331 · wall_segment Palisade Wall x1 |
| 10:05 | NOC | Target331 · wall_segment Palisade Wall x1 |
| 10:15 | NOC | Target331 · wall_segment Palisade Wall x1 |
| 10:16 | DS_Ciskhan · first_building Barracks |
| 11:29 | DS_Ciskhan · age_up feudal |
| 11:40 | DS_Ciskhan · first_building Stable |
| 12:34 | DS_Ciskhan · first_market_buy 100 food |
| 12:34 | DS_Ciskhan · first_market_sell 500 wood |
| 14:03 | DS_Ciskhan · wall_segment Palisade Wall x1 |
| 14:06 | DS_Ciskhan · wall_segment Palisade Wall x3 |
| 15:21 | DS_Ciskhan · age_up castle |
| 16:03 | DS_Ciskhan · wall_segment Palisade Wall x1 |
| 16:08 | DS_Ciskhan · first_building Siege Workshop |
| 17:43 | NOC | Target331 · first_market_sell 100 wood |
| 17:46 | NOC | Target331 · first_market_buy 100 stone |
| 21:11 | DS_Ciskhan · first_building Monastery |
| 22:57 | NOC | Target331 · age_up castle |
| 23:00 | NOC | Target331 · first_building Monastery |
| 27:59 | NOC | Target331 · first_building Siege Workshop |
| 32:53 | NOC | Target331 · age_up imperial |
| 33:46 | NOC | Target331 · first_building Castle |
| 33:55 | DS_Ciskhan · first_building Castle |
| 33:57 | DS_Ciskhan · first_building Archery Range |
| 34:24 | DS_Ciskhan · wall_segment Palisade Wall x1 |
| 36:46 | DS_Ciskhan · age_up imperial |
| 41:51 | DS_Ciskhan · resign |
[ AI ANALYSIS · 1 CREDIT ]
What really happened in this match?
Wolo.gg analyzes every decision: build order, eco, micro, common mistakes by bracket. Personalized analysis on WhatsApp or Discord in 30 seconds.
Civ guide
Saracens
Perfil
Jugador #1136191